 Dungeon Crawl Stone Soup version 0.18-a0-29-gce27f3c (webtiles) character file.

145 Ijustatesigmund the Sneak (level 5, -1/30 HPs)
             Began as a Gargoyle Gladiator on Nov 4, 2015.
             Killed by divine providence
             ... invoked by an orc priest
              (12 damage)
             ... on level 3 of the Dungeon.
             The game lasted 00:07:26 (2410 turns).

Ijustatesigmund the Sneak (Gargoyle Gladiator)      Turns: 2410, Time: 00:07:26

Health: -1/30      AC: 11    Str: 18    XL:     5   Next: 27%
Magic:  5/5        EV: 11    Int: 10    God:
Gold:   167        SH:  0    Dex: 10    Spells: 0 memorised, 4 levels left

rFire  . . .     SeeInvis +     a - +0 flail
rCold  . . .     Clarity  .     i - +0 ring mail
rNeg   + . .     SustAt   .     (no shield)
rPois  ∞         Gourm    .     c - +1 helmet
rElec  +         Spirit   .     (no cloak)
rCorr  .         Warding  .     (no gloves)
rMut   .         Stasis   .     (no boots)
MR     .....                    (no amulet)
Stlth  ++........               (no ring)
                                j - ring of see invisible

@: not resistant to hostile enchantments, unstealthy
A: negative energy resistance 1, electricity resistance, unbreathing,
petrification resistance, rot immunity, AC +4
a: no special abilities


You were on level 3 of the Dungeon.
You were not hungry.

You visited 1 branch of the dungeon, and saw 3 of its levels.

You collected 167 gold pieces.

Inventory:

Hand Weapons
 a - a +0 flail (weapon)
 l - a +0 dagger of electrocution
Missiles
 d - 3 throwing nets (quivered)
 f - 9 poisoned needles
Armour
 c - a +1 helmet (worn)
 i - a +0 ring mail (worn)
Jewellery
 j - a ring of see invisible (left hand)
Scrolls
 b - a scroll of recharging
 n - 2 scrolls of remove curse
Potions
 g - a potion of ambrosia
 h - 3 potions of might
 m - a potion of heal wounds
Comestibles
 e - 2 bread rations
 k - 2 fruits
 o - a meat ration


   Skills:
 + Level 2.1 Fighting
 + Level 3.1 Maces & Flails
 + Level 3.5 Throwing
 - Level 2.4 Dodging
 + Level 3.9 Stealth


You had 4 spell levels left.
You didn't know any spells.

Dungeon Overview and Level Annotations

Branches:
Dungeon (3/15)

Altars:
Gozag
Nemelex Xobeh
Qazlal


Innate Abilities, Weirdness & Mutations

You are resistant to torment.
Your stone body is resilient (AC +4).
You are immune to poison.
You resist negative energy.
You are resistant to electric shocks.
You can survive without breathing.
You are immune to petrification.
You are immune to rotting.


Message History

You sock the orc!
You kill the orc!
The orc barely misses you.
You hit the goblin.
The goblin is heavily wounded.
The goblin hits you but does no damage. The orc closely misses you.
The goblin hits you.
You miss the goblin.
The goblin is moderately wounded.
The orc closely misses you.
The orc priest mumbles some strange prayers to Beogh against you.
Something smites you! The goblin barely misses you.
You closely miss the goblin.
The goblin is moderately wounded.
The orc hits you. The goblin hits you but does no damage. The orc hits you.
You hit the goblin.
The goblin is severely wounded.
The orc priest calls down the wrath of Beogh upon you.
Something smites you!
You die...

. .## ### ... ..# #.#
#.#### #.# #....#
#.###'###.##.#
#..ogo###.##.# #@#
#.##.# #.#
#.##.#########
#..###.###.............
#...........###########
#...........# #
############# # # # #


You could see an orc priest, an orc and a goblin.

Vanquished Creatures
  Natasha (twice) (D:3)
  3 adders
  2 oozes
  A worm (D:2)
  3 giant geckos (D:1)
  2 orcs
  4 ball pythons
  9 bats
  A giant cockroach (D:2)
  8 goblins
  6 hobgoblins
  A quokka (D:2)
  2 giant newts (D:1)
  4 jackals (D:3)
  11 kobolds
  9 rats
68 creatures vanquished.

Notes
Turn   | Place    | Note
--------------------------------------------------------------
     0 | D:1      | Ijustatesigmund the Gargoyle Gladiator began the quest for the Orb.
     0 | D:1      | Reached XP level 1. HP: 12/12 MP: 1/1
    56 | D:1      | Reached skill level 1 in Stealth
    63 | D:1      | Reached XP level 2. HP: 11/17 MP: 2/2
   373 | D:1      | Reached XP level 3. HP: 16/21 MP: 3/3
  1124 | D:2      | Reached XP level 4. HP: 23/26 MP: 4/4
  1432 | D:2      | Found a sparkling altar of Nemelex Xobeh.
  1545 | D:3      | Noticed Natasha
  1556 | D:3      | Killed Natasha
  1823 | D:3      | Reached XP level 5. HP: 20/30 MP: 5/5
  2282 | D:3      | Found an opulent altar of Gozag.
  2356 | D:3      | Noticed Natasha
  2368 | D:3      | Killed Natasha
  2395 | D:3      | Found a stormy altar of Qazlal.
  2410 | D:3      | Killed from afar by an orc priest

Vault maps used:
D:1:      minmay_arrival_cross, nrook_mini_backslash, kennysheep_nondescript
D:2:      hangedman_decor_diamond_cutter, nemelex_dance_club_becter
D:3:      lemuel_doored_altar, marbit_many_paths, nicolae_gozag_seed_capital,
          first_bread, glass_columns_a, uniq_natasha

Action                   |  1- 3 |  4- 6 || total
-------------------------+-------+-------++-------
Melee: Flail             |   122 |   140 ||   262
Throw: Throwing net      |       |     4 ||     4
  Use: Scroll            |     6 |     5 ||    11
  Eat: Chunk             |     1 |     4 ||     5
